 Dungeon Crawl Stone Soup version 0.25-a0-110-ge29c8f2358 (webtiles) character file.

Game seed: 16059174795128812451, levelgen mode: deterministic

634 Ijustatesigmund the Shield-Bearer (level 7, -6/60 HPs)
             Began as a Gnoll Fighter on Nov 19, 2019.
             Was an Initiate of Makhleb.
             Mangled by Menkaure (15 damage)
             ... on level 4 of the Dungeon.
             The game lasted 00:08:33 (4162 turns).

Ijustatesigmund the Shield-Bearer (Gnoll Fighter)   Turns: 4162, Time: 00:08:34

Health: -6/60      AC: 11    Str: 18    XL:     7   Next: 49%
Magic:  10/10      EV:  9    Int: 10    God:    Makhleb [......]
Gold:   175        SH: 11    Dex: 15    Spells: 11/11 levels left

rFire    . . .     SeeInvis +   a - -2 flail (curse)
rCold    . . .     Gourm    +   c - +0 shield
rNeg     . . .     Faith    .   b - +0 scale mail (curse)
rPois    +         Spirit   .   d - +0 helmet of Oskoing {+Blink rPois rCorr Dex-2}
rElec    .         Reflect  .   s - +0 cloak
rCorr    +         Harm     .   p - +0 pair of gloves
MR       .....                  (no boots)
Stlth    +.........             e - amulet of the gourmand
HPRegen  0.20/turn              i - ring of see invisible
MPRegen  0.12/turn              (no ring)

@: studying Staves
A: distributed training, fangs 1, strong nose
a: Renounce Religion, Evoke Blink


You were on level 4 of the Dungeon.
You worshipped Makhleb.
Makhleb was noncommittal.
You were not hungry.

You visited 1 branch of the dungeon, and saw 4 of its levels.

You collected 175 gold pieces.

Inventory:

Hand Weapons
 a - a cursed -2 flail (weapon)
 j - a +0 flail
Missiles
 n - 5 atropa-tipped darts (quivered)
Armour
 b - a cursed +0 scale mail (worn)
 c - a +0 shield (worn)
 d - the +0 helmet of Oskoing (worn) {+Blink rPois rCorr Dex-2}
   (You took it off Robin on level 2 of the Dungeon)

   It affects your dexterity (-2).
   It protects you from poison.
   It lets you blink.
   It provides partial protection from all sources of acid and corrosion.
 p - a +0 pair of gloves (worn)
 s - a +0 cloak (worn)
Jewellery
 e - an amulet of the gourmand (around neck)
 i - a ring of see invisible (left hand)
Scrolls
 k - 3 scrolls of identify
 l - 2 scrolls of teleportation
 u - a scroll of enchant weapon {unknown}
Potions
 g - a potion of resistance
 h - a potion of haste
 m - a potion of cancellation
 o - 2 potions of curing
 q - a potion of heal wounds
 r - a potion of might
 t - a potion of brilliance {unknown}
Books
 v - a manual of Staves
Comestibles
 f - 9 rations


   Skills:
 + Level 7.0 Fighting
 + Level 2.5 Short Blades
 + Level 2.5 Long Blades
 + Level 2.5 Axes
 + Level 5.2 Maces & Flails
 + Level 2.5 Polearms
 + Level 2.5 Staves
 + Level 2.5 Slings
 + Level 2.5 Bows
 + Level 2.5 Crossbows
 + Level 2.5 Throwing
 + Level 7.0 Armour
 + Level 2.5 Dodging
 + Level 2.5 Stealth
 + Level 7.0 Shields
 + Level 2.5 Unarmed Combat
 + Level 2.5 Spellcasting
 + Level 2.0 Conjurations
 + Level 2.0 Hexes
 + Level 2.0 Charms
 + Level 2.0 Summonings
 + Level 2.0 Necromancy
 + Level 2.0 Translocations
 + Level 2.0 Transmutations
 + Level 2.0 Fire Magic
 + Level 2.0 Ice Magic
 + Level 2.0 Air Magic
 + Level 2.0 Earth Magic
 + Level 2.0 Poison Magic
 + Level 2.7 Invocations
 + Level 2.5 Evocations


You had 11 spell levels left.
You didn't know any spells.
Your spell library was empty.

Dungeon Overview and Level Annotations

Branches:
Dungeon (4/15)
 Temple: D:4-7

Altars:
Makhleb
Wu Jian

Annotations:
D:4 2 transporters, Menkaure; an12's ghost, novice GrBe


Innate Abilities, Weirdness & Mutations

Your experience applies equally to all skills.
You have very sharp teeth.
Your uncanny sense of smell can sniff out nearby items.


Message History

You hit Menkaure. You bite Menkaure, but do no damage.
Menkaure is heavily damaged.
Menkaure completely misses you.
You barely miss Menkaure.
Menkaure is heavily damaged.
Menkaure hits you! Menkaure hits you but does no damage.
You thump Menkaure! You bite Menkaure.
Menkaure is almost destroyed.
Menkaure barely misses you.
You hit Menkaure but do no damage.
Menkaure is almost destroyed.
Menkaure hits you!
You are too injured to fight recklessly!
You are too injured to fight recklessly!
You hit Menkaure but do no damage.
Menkaure is almost destroyed.
Menkaure hits you!!
* * * LOW HITPOINT WARNING * * *
Menkaure hits you!
You die...

##.#.....####........
#....###.# #........
#..#####.# #....)...
#........# #........
#.##.....# #........
#.##.....# #........
#..'..<..# #########
####.....# #@....#
#M....# #.....#
#.....# #.....#
#.....# #.....#
#######


You could see Menkaure.

Vanquished Creatures
  Sigmund (D:2)
  2 crimson imps
  An orc priest (D:4)
  Crazy Yiuf (D:4)
  Natasha (D:2)
  3 orc wizards
  3 worker ants (D:4)
  Robin (D:2)
  A gnoll (D:1)
  8 adders
  2 worms
  A dart slug (D:3)
  2 leopard geckos
  5 orcs
  4 giant cockroaches
  20 goblins
  15 hobgoblins
  3 jackals (D:2)
  2 quokkas
  4 bats
  5 frilled lizards
  6 kobolds
  9 rats
100 creatures vanquished.

Vanquished Creatures (others)
  5 plants (D:4)
5 creatures vanquished.

Grand Total: 105 creatures vanquished

Notes
Turn   | Place    | Note
-------+----------+-------------------------------------------
     0 | D:1      | Ijustatesigmund the Gnoll Fighter began the quest for the
                  | Orb.
     0 | D:1      | Reached XP level 1. HP: 23/23 MP: 1/1
   156 | D:1      | Reached XP level 2. HP: 29/29 MP: 2/2
   482 | D:1      | Reached XP level 3. HP: 31/35 MP: 3/3
   823 | D:2      | Identified the cursed +0 helmet of Oskoing {+Blink rPois
                  | rCorr Dex-2}
   823 | D:2      | Noticed Robin
   823 | D:2      | Noticed Sigmund
   824 | D:2      | Found an ornate altar of the Wu Jian Council.
   841 | D:1      | Reached skill level 1 in Invocations
   978 | D:2      | Killed Sigmund
   978 | D:2      | Reached skill level 1 in Short Blades
   978 | D:2      | Reached skill level 1 in Long Blades
   978 | D:2      | Reached skill level 1 in Axes
   978 | D:2      | Reached skill level 1 in Polearms
   978 | D:2      | Reached skill level 1 in Staves
   978 | D:2      | Reached skill level 1 in Slings
   978 | D:2      | Reached skill level 1 in Bows
   978 | D:2      | Reached skill level 1 in Crossbows
   978 | D:2      | Reached skill level 1 in Throwing
   978 | D:2      | Reached skill level 1 in Dodging
   978 | D:2      | Reached skill level 1 in Stealth
   978 | D:2      | Reached skill level 1 in Unarmed Combat
   978 | D:2      | Reached skill level 1 in Spellcasting
   978 | D:2      | Reached skill level 1 in Conjurations
   978 | D:2      | Reached skill level 1 in Hexes
   978 | D:2      | Reached skill level 1 in Charms
   978 | D:2      | Reached skill level 1 in Summonings
   978 | D:2      | Reached skill level 1 in Necromancy
   978 | D:2      | Reached skill level 1 in Translocations
   978 | D:2      | Reached skill level 1 in Transmutations
   978 | D:2      | Reached skill level 1 in Fire Magic
   978 | D:2      | Reached skill level 1 in Ice Magic
   978 | D:2      | Reached skill level 1 in Air Magic
   978 | D:2      | Reached skill level 1 in Earth Magic
   978 | D:2      | Reached skill level 1 in Poison Magic
   978 | D:2      | Reached skill level 1 in Evocations
   978 | D:2      | Reached XP level 4. HP: 26/41 MP: 4/6
   978 | D:2      | Reached XP level 5. HP: 30/47 MP: 4/7
   984 | D:2      | Killed Robin
  1388 | D:2      | Reached XP level 6. HP: 41/53 MP: 8/8
  1665 | D:2      | Noticed Natasha
  1672 | D:2      | Killed Natasha
  2088 | D:3      | Reached skill level 5 in Maces & Flails
  2587 | D:3      | Found a burning altar of Makhleb.
  2962 | D:3      | Became a worshipper of Makhleb the Destroyer
  3076 | D:4      | Reached XP level 7. HP: 29/59 MP: 10/10
  3495 | D:4      | Found a transporter.
  3623 | D:4      | Found a runed translucent door.
  3624 | D:4      | Noticed Crazy Yiuf
  3632 | D:4      | Killed Crazy Yiuf
  3764 | D:4      | Noticed an12's ghost (novice GrBe)
  3796 | D:4      | Found a transporter.
  4148 | D:4      | Noticed Menkaure
  4162 | D:4      | Mangled by Menkaure

Levels and vault maps discovered:
D:1:      minmay_arrival_three_doors, layout_basic
D:2:      layout_basic, old_standard_altar, serial_park_tiny_1, uniq_natasha,
          uniq_sigmund, uniq_robin
D:3:      layout_basic, makhleb_grotto_becter, serial_curves, eino_curves_02,
          eino_curves_02
D:4:      layout_basic, first_ration, gammafunk_ghost_gnarly_gnolls,
          minmay_manual_mess, uniq_crazy_yiuf_cottage, uniq_menkaure

Skill      XL: |  1  2  3  4  5  6  7 |
---------------+----------------------+-----
Invocations    | 1 2 |  2.7
Short Blades   | 1 2 |  2.5
Long Blades    | 1 2 |  2.5
Axes           | 1 2 |  2.5
Polearms       | 1 2 |  2.5
Staves         | 1 2 |  2.5
Slings         | 1 2 |  2.5
Bows           | 1 2 |  2.5
Crossbows      | 1 2 |  2.5
Throwing       | 1 2 |  2.5
Dodging        | 1 2 |  2.5
Stealth        | 1 2 |  2.5
Unarmed Combat | 1 2 |  2.5
Spellcasting   | 1 2 |  2.5
Conjurations   | 1 2 |  2.0
Hexes          | 1 2 |  2.0
Charms         | 1 2 |  2.0
Summonings     | 1 2 |  2.0
Necromancy     | 1 2 |  2.0
Translocations | 1 2 |  2.0
Transmutations | 1 2 |  2.0
Fire Magic     | 1 2 |  2.0
Ice Magic      | 1 2 |  2.0
Air Magic      | 1 2 |  2.0
Earth Magic    | 1 2 |  2.0
Poison Magic   | 1 2 |  2.0
Evocations     | 1 2 |  2.5
Maces & Flails | 5 |  5.2
Fighting       | 7 |  7.0
Armour         | 7 |  7.0
Shields        | 7 |  7.0

Action                   |  1- 3 |  4- 6 |  7- 9 || total
-------------------------+-------+-------+-------++-------
Melee: Flail             |   120 |   218 |    75 ||   413
       Bite              |     7 |    22 |    10 ||    39
Throw: Dart              |       |     7 |     1 ||     8
  Use: Scroll            |     5 |     5 |       ||    10
       Potion            |     2 |       |       ||     2
 Stab: Invisible         |       |     2 |       ||     2
  Eat: Chunk             |       |     7 |     5 ||    12
Armor: Scale mail        |    55 |   106 |    33 ||   194
Dodge: Dodged            |    55 |    77 |    33 ||   165
Block: Shield            |    89 |   131 |    35 ||   255

Table legend:
 A = Non-vault XP
 B = Vault XP
 C = Vault XP percentage of total XP
 D = Non-vault monster count
 E = Vault monster count
 F = Vault count percentage of total count
                 A         B        C        D         E       F
            +---------+---------+-------+---------+---------+-------
      Total |     448 |     458 |  50.6 |      81 |      19 |  19.0
            +---------+---------+-------+---------+---------+-------
        D:1 |      52 |      10 |  16.1 |      27 |       5 |  15.6
        D:2 |      60 |     272 |  81.9 |      21 |      10 |  32.3
        D:3 |     132 |      50 |  27.5 |      20 |       1 |   4.8
        D:4 |     204 |     126 |  38.2 |      13 |       3 |  18.8
            +---------+---------+-------+---------+---------+-------
